 Dungeon Crawl Stone Soup version 0.15-a0-335-g04a2ae6 (webtiles) character file.

787 BluebellGnoll the Covert (level 7, -1/32 HPs)
             Began as a Spriggan Enchanter on May 1, 2014.
             Slain by a water moccasin skeleton (6 damage)
             ... on Level 5 of the Dungeon.
             The game lasted 00:17:47 (4589 turns).

BluebellGnoll the Covert (Spriggan Enchanter)       Turns: 4589, Time: 00:17:48

HP  -1/32        AC  6     Str  4      XL: 7   Next: 14%
MP  24/24        EV 18     Int 19      God:
Gold 202         SH  0     Dex 16      Spells:  6 memorised,  4 levels left

rFire  . . .     SeeInvis +     a - +1 dagger
rCold  . . .     Clarity  .     b - +1 robe
rNeg   . . .     Conserve .     (shield restricted)
rPois  .         rCorr    .     (helmet restricted)
rElec  .         rRot     .     (no cloak)
SustAb . .       Spirit   .     (gloves unavailable)
rMut   .         Warding  .     (boots unavailable)
Saprov . . .     Stasis   .     (no amulet)
MR     +....                    (no ring)
                                y - +3 ring of protection

@: very quick, somewhat resistant to hostile enchantments, quite stealthy
A: unfitting armour, see invisible, herbivore 3, speed 3, slow metabolism 2
a: no special abilities


You were on level 5 of the Dungeon.
You were full.

You visited 1 branch of the dungeon, and saw 5 of its levels.

You collected 202 gold pieces.

Inventory:

Hand weapons
 a - a +1,+1 dagger (weapon)
 A - a +0,+0 hand axe of distortion
Missiles
 d - 12 darts (quivered)
Armour
 b - a +1 robe (worn)
Comestibles
 m - 3 bread rations
Scrolls
 g - 6 scrolls of identify {unknown}
 h - 6 scrolls of teleportation {unknown}
 o - 2 scrolls of fear {unknown}
 p - a scroll of remove curse {unknown}
 q - a scroll of blinking {unknown}
 r - a scroll of enchant weapon II {unknown}
 v - a scroll of random uselessness {unknown}
 x - 2 scrolls of fog {unknown}
 z - 2 scrolls of amnesia {unknown}
 B - a scroll of enchant weapon I {unknown}
 C - a scroll of enchant armour {unknown}
Jewellery
 t - an uncursed ring of ice
 y - a +3 ring of protection (left hand)
Potions
 e - a potion of porridge
 f - a potion of haste
 i - a potion of agility {unknown}
 j - 2 potions of invisibility {unknown}
 k - 2 potions of curing
 l - 2 potions of flight {unknown}
 n - 2 potions of magic {unknown}
 s - 3 potions of heal wounds {unknown}
 u - 2 potions of paralysis {unknown}
Books
 c - a book of Maledictions

   Spells                             Type                      Level
   *Corona                            Hexes                        1
   *Sure Blade                        Hexes/Charms                 2
   *Ensorcelled Hibernation           Hexes/Ice                    2
   *Confuse                           Hexes                        3
   *Dazzling Spray                    Conjuration/Hexes            3
   *Enslavement                       Hexes                        4
 w - a book of Enchantments

   Spells                             Type                      Level
   Cause Fear                         Hexes                        4
   Silence                            Hexes/Air                    5
   Tukima's Dance                     Hexes                        5
   Deflect Missiles                   Charms/Air                   6
   Haste                              Charms                       6
   Discord                            Hexes                        8


   Skills:
 * Level 1.1 Short Blades
 - Level 1.1 Throwing
 * Level 3.0 Dodging
 - Level 9.0 Stealth
 + Level 6.5 Spellcasting
 - Level 4.4 Hexes


You had 4 spell levels left.
You knew the following spells:

 Your Spells              Type           Power        Failure   Level  Hunger
a - Corona                Hex            ###....      1%          1    None
b - Ensorcelled Hibernat  Hex/Ice        ##....       10%         2    None
c - Confuse               Hex            ###.....     6%          3    ##.....
d - Sure Blade            Hex/Chrm       ##........   10%         2    None
e - Dazzling Spray        Conj/Hex       ##......     14%         3    ##.....
f - Enslavement           Hex            ###.....     17%         4    ####...


Dungeon Overview and Level Annotations

Branches:
Dungeon (5/15)
 Temple: D:4-7

Altars:

Shops:
D:4 (


Innate Abilities, Weirdness & Mutations

You are tiny and cannot use many weapons and most armour.
You have supernaturally acute eyesight.
You are a herbivore.
You cover ground extremely quickly.
You need consume almost no food.


Message History

You are too injured to fight recklessly!
You are too injured to fight recklessly!
You are too injured to fight recklessly!
You are too injured to fight recklessly!
Unknown command.
Casting: Confuse
Confirm with . or Enter, or press ? or * to list all spells.
You don't know that spell.
Throwing (i - inventory):
d - 12 darts (quivered)
Press: ? - help, Shift-Dir - straight line, f - water moccasin skeleton
Aim: a water moccasin skeleton
Okay, then.
Unknown command.
Eat which item? (? for menu, Esc to quit)
You continue eating. x2
The water moccasin skeleton bites you.
* * * LOW HITPOINT WARNING * * *
You continue eating.
The water moccasin skeleton bites you.
You die...

#....####.........
+................. .
####....# #..........
..#+ ##.......#
#........... .....
#........#
#.g..g......
.....####..#.....#
#.##+######.
..........##.....# #Z#
...........+..#<..#
#.#
#####..%..##########.#
+.........@Z..g..#
#.......##########
.......#..........
......+..........
......#...........
##### #####...###
..... #.#.## #.#


You could see a hobgoblin and a water moccasin skeleton.

Vanquished Creatures
  An ogre (D:4)
  The ghost of BluebellGnoll the Sneak, an average SpEn (D:3)
  2 orc priests (D:4)
  A centaur skeleton (D:4)
  An orc wizard (D:4)
  4 worker ants (D:4)
  12 adders
  A giant mite (D:2)
  A worm (D:3)
  An inept feature mimic (D:2)
  7 giant geckos
  An ooze (D:2)
  5 orcs
  2 ball pythons
  14 bats
  A giant cockroach (D:3)
  6 goblins
  7 hobgoblins
  9 jackals
  11 kobolds
  4 giant newts
  6 rats
98 creatures vanquished.

Notes
Turn   | Place    | Note
--------------------------------------------------------------
     0 | D:1      | BluebellGnoll, the Spriggan Enchanter, began the quest for the Orb.
     0 | D:1      | Reached XP level 1. HP: 9/9 MP: 4/4
   197 | D:1      | Reached skill level 4 in Stealth
   202 | D:1      | Reached XP level 2. HP: 11/13 MP: 7/7
   389 | D:1      | Reached skill level 5 in Stealth
   650 | D:1      | Reached XP level 3. HP: 13/16 MP: 9/9
   711 | D:1      | Learned a level 2 spell: Ensorcelled Hibernation
   715 | D:1      | Learned a level 3 spell: Confuse
  1058 | D:2      | Reached skill level 6 in Stealth
  1255 | D:2      | Reached XP level 4. HP: 21/21 MP: 11/13
  1259 | D:2      | Learned a level 2 spell: Sure Blade
  2176 | D:2      | Reached skill level 7 in Stealth
  2407 | D:3      | Noticed BluebellGnoll's ghost (average SpEn)
  2557 | D:3      | Killed BluebellGnoll's ghost
  2557 | D:3      | Reached XP level 5. HP: 16/24 MP: 9/18
  2731 | D:3      | Learned a level 3 spell: Dazzling Spray
  2950 | D:3      | Reached skill level 5 in Spellcasting
  3375 | D:4      | Reached skill level 8 in Stealth
  3375 | D:4      | Reached XP level 6. HP: 16/28 MP: 15/21
  3632 | D:4      | Noticed an ogre
  3644 | D:4      | Killed an ogre
  3644 | D:4      | Reached skill level 9 in Stealth
  3650 | D:4      | Learned a level 4 spell: Enslavement
  4010 | D:4      | Found Kati Sko's Antique Weapon Boutique.
  4030 | D:4      | Reached XP level 7. HP: 28/32 MP: 17/24
  4523 | D:5      | Entered Level 5 of the Dungeon
  4589 | D:5      | Slain by a water moccasin skeleton

Action                   |  1- 3 |  4- 6 |  7- 9 || total
-------------------------+-------+-------+-------++-------
Melee: Dagger            |   114 |   118 |    39 ||   271
 Cast: Corona            |    12 |     2 |       ||    14
       Ensorcelled Hiber |    12 |    30 |     7 ||    49
       Confuse           |       |    10 |     2 ||    12
       Sure Blade        |       |     2 |       ||     2
  Use: Potion            |       |     2 |       ||     2
 Stab: Sleeping          |    14 |    38 |     3 ||    55
       Confused          |       |     2 |     2 ||     4
